 Dungeon Crawl Stone Soup version 0.31-a0-237-g2d982f9f85 (webtiles) character file.

Game seed: 7256815547808296236

261 qw the Shooter (level 5, -1/45 HPs)
             Began as a Minotaur Hexslinger on July 11, 2023.
             Slain by a gnoll
             ... wielding a +0 spear
              (5 damage)
             ... on level 4 of the Dungeon.
             The game lasted 00:01:08 (3033 turns).

qw the Shooter (Minotaur Hexslinger)                Turns: 3033, Time: 00:01:09

Health: -1/45      AC:  8    Str: 10 (12) XL:     5   Next: 96%
Magic:  0/5        EV: 10    Int: 10      God:
Gold:   213        SH:  0    Dex: 13 (15) Spells: 5/6 levels left

rFire   . . .        Y - +2 sling
rCold   . . .        (no shield)
rNeg    + . .        e - +0 ring mail
rPois   .            (helmet restricted)
rElec   .            (no cloak)
rCorr   .            h - +2 pair of gloves
SInv    .            (no boots)
Will    .....        b - amulet of guardian spirit
Stlth   +            f - ring of positive energy
HPRegen 0.27/turn    (no ring)
MPRegen 0.09/turn

%: guardian spirit
@: no status effects
A: horns 2, retaliatory headbutt
a: no special abilities


You were on level 4 of the Dungeon.
You visited 1 branch of the dungeon, and saw 4 of its levels.

You collected 213 gold pieces.


Innate Abilities, Weirdness & Mutations

You have a pair of horns on your head.
You reflexively headbutt those who attack you in melee.


   Skills:
 + Level 3.1 Fighting
 - Level 6.2 Ranged Weapons
 - Level 1.0 Armour
 - Level 2.1 Dodging
 - Level 1.0 Spellcasting
 - Level 2.0 Hexes


You had 5 spell levels left.
You knew the following spells:

 Your Spells              Type           Power      Damage    Failure   Level
a - Slow                  Hex            16%        N/A       36%         1

Your spell library contained the following spells:

 Spells                   Type           Power      Damage    Failure   Level
 Inner Flame              Hex/Fire       2%         N/A       86%         3
 Portal Projectile        Hex/Tloc       4%         N/A       86%         3
 Cause Fear               Hex            2%         N/A       98%         4

Inventory:

Hand Weapons
 Y - a +2 sling (weapon)
Armour
 e - a +0 ring mail (worn)
 h - a +2 pair of gloves (worn)
Jewellery
 b - an amulet of guardian spirit (around neck)
 f - a ring of positive energy (left hand)
Potions
 a - a potion of attraction {unknown}
 g - a potion of haste {unknown}
 i - a potion of lignification {unknown}
 j - a potion of brilliance {unknown}

Dungeon Overview and Level Annotations

Branches:
Dungeon (4/15)
 Temple: D:4-7

Altars:
Ru

Annotations:
D:1 2 transporters
D:3 1 runed translucent door, Crazy Yiuf


Message History

The sling bullet hits the gnoll!
The gnoll is heavily wounded.
The gnoll hits you from afar with a +0 spear.
The gnoll closely misses you.
The gnoll hits you from afar with a +0 spear.
The gnoll hits you but does no damage.
A goblin comes into view. It is wielding a +0 club.
The gnoll hits you but does no damage.
You shoot a sling bullet. The sling bullet hits the gnoll.
The gnoll is severely wounded.
The gnoll hits you from afar with a +0 spear.
The gnoll misses you.
The gnoll hits you from afar with a +0 spear.
You shoot a sling bullet.
The sling bullet barely misses the gnoll.
The gnoll closely misses you. The gnoll barely misses you.
The gnoll hits you from afar with a +0 spear!
You shoot a sling bullet. The sling bullet hits the gnoll!
You kill the gnoll!
The gnoll hits you from afar with a +0 spear.
The gnoll misses you.
You feel your dexterity returning.
You shoot a sling bullet.
The sling bullet barely misses the gnoll.
The gnoll hits you from afar with a +0 spear.
The gnoll hits you but does no damage. The gnoll misses you.
The gnoll hits you from afar with a +0 spear.
You shoot a sling bullet. The sling bullet hits the gnoll.
The gnoll is lightly wounded.
The gnoll closely misses you. The goblin hits you but does no damage.
The gnoll hits you but does no damage. x2
You shoot a sling bullet. The sling bullet hits the gnoll.
The gnoll is moderately wounded.
The gnoll hits you from afar with a +0 spear.
The goblin hits you with a +0 club. The gnoll hits you but does no damage.
The gnoll hits you with a +0 flail.
You shoot a sling bullet. The sling bullet hits the gnoll.
The gnoll is heavily wounded.
The gnoll hits you from afar with a +0 spear.
You die...

### #.# # ######.#####
..###########.##..<....#
........#.............#
#......#.....[......##
#................###
...#...g..........###
.....gg@......#####
#.#............#
#........g....##
..............#
#.#.#...........# #
#.##........### .
##.......# . ####...##
...##


You could see 3 gnolls and a goblin.

Vanquished Creatures
  A phantom (D:4)
  An orc priest (D:3)
  5 adders
  A gnoll (D:4)
  A worm (D:3)
  4 dart slugs
  14 orcs
  2 bats
  7 endoplasms
  3 giant cockroaches
  3 goblins (D:1)
  5 hobgoblins
  4 jackals (D:3)
  4 quokkas
  5 ball pythons
  3 frilled lizards
  11 kobolds
  6 rats
80 creatures vanquished.

Notes
Turn   | Place    | Note
-------+----------+-------------------------------------------
     0 | D:1      | qw the Minotaur Hexslinger began the quest for the Orb.
     0 | D:1      | Reached XP level 1. HP: 16/16 MP: 1/1
     0 | D:1      | 0 ||| qw: Version: 0.3-a-52-g30416fa
     0 | D:1      | 0 ||| qw: Game counter: 5643
     0 | D:1      | 0 ||| qw: Melee chars always use a shield: true
     0 | D:1      | 0 ||| qw: God list: Okawaru
     0 | D:1      | 0 ||| qw: Allow faded altars: false
     0 | D:1      | 0 ||| qw: Do Orc after clearing Dungeon:15 true
     0 | D:1      | 0 ||| qw: Do second Lair branch before Depths: true
     0 | D:1      | 0 ||| qw: Lair rune preference: random
     0 | D:1      | 0 ||| qw: Goals: Normal
     0 | D:1      | 0 ||| PLANNING D:1-11
   106 | D:1      | Reached skill level 3 in Ranged Weapons
   133 | D:1      | Reached XP level 2. HP: 23/23 MP: 2/2
   242 | D:1      | 242 ||| DROPPING scroll of poison.
   678 | D:1      | Reached XP level 3. HP: 27/29 MP: 3/3
   925 | D:1      | 925 ||| UPGRADING to +0 ring mail.
   935 | D:1      | 935 ||| DROPPING +0 robe.
   936 | D:1      | 936 ||| UPGRADING to ring of positive energy.
   937 | D:1      | 937 ||| READING scroll labelled XYUZIUH FUUFAI.
  1284 | D:2      | Reached skill level 4 in Ranged Weapons
  1542 | D:2      | Reached skill level 1 in Armour
  1657 | D:2      | Found a faded altar of an unknown god.
  1779 | D:2      | Reached XP level 4. HP: 33/36 MP: 4/4
  1841 | D:2      | 1841 ||| UPGRADING to +2 pair of gloves.
  1846 | D:2      | 1846 ||| UPGRADING to amulet of guardian spirit.
  1851 | D:2      | 1851 ||| READING scroll labelled ZUGAZX PA NACO.
  1856 | D:2      | 1856 ||| READING scroll labelled AKHLYA MONO.
  2153 | D:3      | Found a runed translucent door.
  2154 | D:3      | Noticed Crazy Yiuf
  2211 | D:3      | Reached skill level 5 in Ranged Weapons
  2211 | D:3      | 2211 ||| FLEEEEING.
  2212 | D:3      | 2212 ||| FLEEEEING.
  2213 | D:3      | 2213 ||| FLEEEEING.
  2217 | D:3      | 2217 ||| FLEEEEING.
  2218 | D:3      | 2218 ||| FLEEEEING.
  2219 | D:3      | 2219 ||| FLEEEEING.
  2220 | D:3      | 2220 ||| FLEEEEING.
  2223 | D:3      | 2223 ||| FLEEEEING.
  2226 | D:3      | 2226 ||| FLEEEEING.
  2230 | D:3      | 2230 ||| FLEEEEING.
  2231 | D:3      | 2231 ||| FLEEEEING.
  2232 | D:3      | 2232 ||| FLEEEEING.
  2233 | D:3      | 2233 ||| FLEEEEING.
  2282 | D:3      | Reached XP level 5. HP: 38/42 MP: 5/5
  2363 | D:3      | Found a sacrificial altar of Ru.
  2433 | D:3      | Reached skill level 3 in Fighting
  2971 | D:3      | 2971 ||| DROPPING +6 ring of intelligence.
  2972 | D:3      | 2972 ||| DRINKING 3 bubbling black potions.
  2973 | D:3      | 2973 ||| DROPPING 2 potions of degeneration.
  3012 | D:4      | Noticed a phantom
  3025 | D:4      | Killed a phantom
  3026 | D:4      | Reached skill level 6 in Ranged Weapons
  3030 | D:4      | HP: 11/45 [gnoll/+0 spear (2)]
  3032 | D:4      | HP: 5/45 [goblin/+0 club (3)]
  3033 | D:4      | Slain by a gnoll

Levels and vault maps discovered:
D:1:      spicycebolla_arrival_transporter_tutorial, layout_loops_ring,
          reono_crystal_passage, st_stairs_4, minmay_misc_feat_chi,
          corexii_hall_statues_l
D:2:      layout_loops_corners, hellmonk_ecumenical_altar_defaced_shrine
D:3:      layout_loops_corners, nicolae_ru_awakened_eye, minmay_crystal_water,
          uniq_crazy_yiuf_cottage
D:4:      layout_cave_pools, chequers_avenue, nicolae_the_louvre, uniq_duvessa

Skill      XL: |  1  2  3  4  5 |
---------------+----------------+-----
Ranged Weapons | 3 4 5 6 |  6.2
Fighting       | 2 3 |  3.1
Armour         | 1 |  1.0
Dodging        | |  2.1
Spellcasting   | |  1.0
Hexes          | |  2.0

Action                     |  1- 3 |  4- 6 || total
---------------------------+-------+-------++-------
   Fire: Sling             |   142 |   106 ||   248
    Use: Scroll            |     1 |     2 ||     3
         Potion            |       |     1 ||     1
 Armour: Robe              |     2 |       ||     2
         Ring mail         |     3 |    31 ||    34
  Dodge: Dodged            |    22 |    38 ||    60

Table legend:
 A = Non-vault XP
 B = Vault XP
 C = Vault XP percentage of total XP
 D = Non-vault monster count
 E = Vault monster count
 F = Vault count percentage of total count
                 A         B        C        D         E       F
            +---------+---------+-------+---------+---------+-------
      Total |     360 |      14 |   3.7 |      74 |       6 |   7.5
            +---------+---------+-------+---------+---------+-------
        D:1 |      45 |       2 |   4.3 |      25 |       2 |   7.4
        D:2 |      43 |      12 |  21.8 |      17 |       4 |  19.0
        D:3 |     157 |       0 |   0.0 |      30 |       0 |   0.0
        D:4 |     115 |       0 |   0.0 |       2 |       0 |   0.0
            +---------+---------+-------+---------+---------+-------
